 Dungeon Crawl Stone Soup version 0.31-a0-214-gb37851dbb3 (webtiles) character file.

Game seed: 16684253571066982364

2793 qw the Cleaver (level 9, -4/56 HPs)
             Began as a Gargoyle Fighter on July 1, 2023.
             Was a Follower of Okawaru.
             Slain by a fire elemental (6 damage)
             ... summoned by a deep elf pyromancer
             ... on level 8 of the Dungeon.
             The game lasted 00:03:24 (6211 turns).

qw the Cleaver (Gargoyle Fighter)                   Turns: 6211, Time: 00:03:24

Health: -4/56      AC: 22    Str: 24    XL:     9   Next: 71%
Magic:  12/12      EV:  7    Int:  9    God:    Okawaru [*.....]
Gold:   305        SH:  4    Dex:  9    Spells: 8/8 levels left

rFire   . . .        Y - +1 war axe
rCold   . . .        c - +0 buckler
rNeg    + . .        k - +0 plate armour
rPois   inf          (no helmet)
rElec   +            m - +2 cloak
rCorr   +            (no gloves)
SInv    .            (no boots)
Will    .....        (no amulet) Stlth
                     b - ring of resist corrosion
HPRegen 0.29/turn    (no ring)
MPRegen 0.13/turn

%: no passive effects
@: about to teleport
A: sickness immunity, AC +6, negative energy resistance 1, electricity
resistance, torment resistance 1, petrification resistance
a: Renounce Religion, Heroism


You were on level 8 of the Dungeon.
You worshipped Okawaru.
Okawaru was aware of your devotion.
You visited 2 branches of the dungeon, and saw 9 of its levels.

You collected 305 gold pieces.


Innate Abilities, Weirdness & Mutations

You are immune to sickness and miasma.
Your stone body is resilient. (AC +6)
You are immune to poison.
You resist negative energy. (rN+)
You are resistant to electric shocks. (rElec)
You are resistant to unholy torment.
You are immune to petrification.


   Skills:
 + Level 6.6 Fighting
 - Level 9.0 Axes
 - Level 1.5 Throwing
 - Level 5.2 Armour
 - Level 1.3 Dodging
 - Level 4.9 Shields
 - Level 4.2 Invocations


You had 8 spell levels left.
You didn't know any spells.
Your spell library was empty.

Inventory:

Hand Weapons
 o - a +0 morningstar
 Y - a +1 war axe (weapon)
Missiles
 f - a boomerang (quivered)
Armour
 c - a +0 buckler (worn)
 k - a +0 plate armour (worn)
 m - a +2 cloak (worn)
Jewellery
 b - a ring of resist corrosion (left hand)
Scrolls
 a - 3 scrolls of identify
 q - a scroll of teleportation
Potions
 d - a potion of might
 h - 3 potions of lignification
 i - 4 potions of haste
 j - a potion of cancellation
 n - 2 potions of curing
 p - a potion of enlightenment
 s - a potion of magic

Dungeon Overview and Level Annotations

Branches:
Dungeon (8/15)             Temple (1/1) D:6
   Lair: D:8-11

Altars:
Ashenzari
Cheibriados
Dithmenos
Elyvilon
Fedhas
Hepliaklqana
Kikubaaqudgha
Makhleb
Okawaru
Qazlal
Ru
Trog
Uskayaw
Vehumet
Wu Jian
Xom
Yredelemnul
The Shining One

Shops:
D:1 (

Annotations:
D:4 2 transporters, qw's ghost, amateur GrFi
D:6 2 transporters, qw's ghost, novice GrFi


Message History

The cyan ugly thing moves out of view.
Enter note:
Enter note:
Enter note:
Found four items.
The deep elf pyromancer mumbles some strange words.
There is an open door here.
Enter note:
Enter note:
Enter note:
Found a scroll of blinking and two ring mails.
The deep elf pyromancer casts a spell.
Enter note:
Enter note:
Enter note: You closely miss the fire elemental.
The fire elemental barely misses you.
You hit the fire elemental.
The fire elemental is lightly damaged.
The fire elemental hits you. The fire elemental burns you!
You barely miss the fire elemental.
The fire elemental is lightly damaged.
The fire elemental hits you. The fire elemental burns you!
The fire elemental barely misses you.
You barely miss the fire elemental.
The fire elemental is lightly damaged.
You block the fire elemental's attack.
The deep elf pyromancer mumbles some strange words.
The deep elf pyromancer blinks!
The fire elemental barely misses you.
You closely miss the fire elemental.
The fire elemental is lightly damaged.
The fire elemental hits you. The fire elemental burns you!
The deep elf pyromancer gestures at you while chanting.
The bolt of fire hits you!!!
Ouch! That really hurt!
6211 ||| READING 2 scrolls of teleportation.
As you read the scroll of teleportation, it crumbles to dust.
You feel strangely unstable. The fire elemental hits you.
The fire elemental burns you!
You die...

.#.###.....#
.....).....# ...
.#####.#########.#
.###.....## [$.#.#
.##.......## [.#.#
.#...#.#...# .#e#
.#..##.##..####'$+####..
......#................#
.#..##.##..####'@E####
.#...#.#...#...#.#uE.#
##.......##:[.#.# 0/#
##.....###!$.#.# ?#
###.### #####.# # ....
.#. ##... . . #.... . .
##...


You could see a cyan ugly thing, a deep elf pyromancer and 2 fire elementals.

Vanquished Creatures
  Grinder (D:6)
  A hornet (D:8)
  A steam dragon (D:8)
  An ice beast (D:5)
  A sky beast (D:7)
  2 ogres
  3 centaurs
  A phantom (D:6)
  3 bullfrogs
  4 scorpions
  3 wights (D:6)
  3 killer bees (D:8)
  2 jellies (D:6)
  2 hounds (D:5)
  2 orc priests
  A gnoll bouda (D:8)
  3 iguanas
  3 sleepcaps
  8 orc wizards
  9 gnolls
  7 adders
  2 shadow imps
  A white imp (D:5)
  An ufetubus (D:7)
  3 worms
  3 dart slugs
  20 orcs
  6 bats
  5 endoplasms
  2 giant cockroaches
  4 goblins
  9 hobgoblins
  10 kobolds
  3 quokkas
  8 ball pythons
  5 frilled lizards
  4 rats
147 creatures vanquished.

Vanquished Creatures (others)
  A butterfly (D:6)
1 creature vanquished.

Grand Total: 148 creatures vanquished

Notes
Turn   | Place    | Note
-------+----------+-------------------------------------------
     0 | D:1      | qw the Gargoyle Fighter began the quest for the Orb.
     0 | D:1      | Reached XP level 1. HP: 14/14 MP: 1/1
     0 | D:1      | 0 ||| qw: Version: 0.3-a-32-g5962c71
     0 | D:1      | 0 ||| qw: Game counter: 7405
     0 | D:1      | 0 ||| qw: Melee chars always use a shield: true
     0 | D:1      | 0 ||| qw: God list: Okawaru
     0 | D:1      | 0 ||| qw: Allow faded altars: false
     0 | D:1      | 0 ||| qw: Do Orc after clearing Dungeon:15 true
     0 | D:1      | 0 ||| qw: Do second Lair branch before Depths: true
     0 | D:1      | 0 ||| qw: Lair rune preference: random
     0 | D:1      | 0 ||| qw: Goals: Normal, Zot:1-4, Slime:5, God:TSO, Crypt,
                  | Tomb, Abyss, Pan, Hells, Win
     0 | D:1      | 0 ||| PLANNING D:1-11
    75 | D:1      | Reached skill level 2 in Axes
   103 | D:1      | 103 ||| Stepping ~*~*~tactically~*~*~ (stealth).
   111 | D:1      | Reached XP level 2. HP: 19/19 MP: 2/2
   509 | D:1      | Reached skill level 3 in Axes
   588 | D:1      | Reached XP level 3. HP: 23/23 MP: 3/3
   611 | D:1      | Found Givirghiusa's Antique Weapon Boutique.
   617 | D:1      | 617 ||| SHOPLISTING whip (55 gold, have 10).
   814 | D:1      | 814 ||| UPGRADING to +0 chain mail.
   824 | D:1      | 824 ||| DROPPING +0 scale mail.
   825 | D:1      | 825 ||| READING 2 scrolls labelled LORYCI XAFOCS.
   826 | D:1      | 826 ||| READING scroll labelled QUNUISUEMI.
  1003 | D:2      | Reached XP level 4. HP: 28/28 MP: 4/4
  1015 | D:2      | 1015 ||| Stepping ~*~*~tactically~*~*~ (stealth).
  1022 | D:2      | Reached skill level 4 in Axes
  1193 | D:2      | 1193 ||| Stepping ~*~*~tactically~*~*~ (stealth).
  1197 | D:2      | 1197 ||| Stepping ~*~*~tactically~*~*~ (stealth).
  1199 | D:2      | 1199 ||| Stepping ~*~*~tactically~*~*~ (stealth).
  1201 | D:2      | 1201 ||| Stepping ~*~*~tactically~*~*~ (hiding).
  1376 | D:2      | 1376 ||| UPGRADING to +0 cloak.
  1381 | D:2      | 1381 ||| READING scroll labelled BINTAI VEOZEFE.
  1382 | D:2      | 1382 ||| READING scroll labelled MEET FIWESAL.
  1383 | D:2      | 1383 ||| READING scroll labelled QIUXZU TESUCK.
  1384 | D:2      | 1384 ||| DRINKING 3 fuming inky potions.
  1385 | D:2      | 1385 ||| DRINKING 2 sapphire potions.
  1386 | D:2      | 1386 ||| READING 3 scrolls of identify.
  1386 | D:2      | 1386 ||| IDENTIFYING fizzy green potion
  1387 | D:2      | 1387 ||| READING 2 scrolls of identify.
  1387 | D:2      | 1387 ||| IDENTIFYING glowing brown potion
  1388 | D:2      | 1388 ||| DROPPING potion of brilliance.
  1583 | D:3      | 1583 ||| DROPPING +0 whip.
  1667 | D:3      | 1667 ||| Stepping ~*~*~tactically~*~*~ (hiding).
  1706 | D:3      | Found an ornate altar of the Wu Jian Council.
  1897 | D:3      | Identified the +0 robe of Peek-a-Boo {rC- rN+ Will+ Str+3}
  1918 | D:3      | Found a hide-covered altar of Uskayaw.
  2027 | D:3      | 2027 ||| Stepping ~*~*~tactically~*~*~ (stealth).
  2106 | D:3      | 2106 ||| UPGRADING to ring of resist corrosion.
  2107 | D:3      | 2107 ||| READING scroll labelled ISYSIOFR UHAOLU.
  2108 | D:3      | 2108 ||| READING scroll labelled TEMUQOIJUB.
  2109 | D:3      | 2109 ||| READING scroll labelled HUUNEMY ICOJ.
  2110 | D:3      | 2110 ||| READING 4 scrolls of identify.
  2110 | D:3      | 2110 ||| IDENTIFYING bubbling yellow potion
  2133 | D:4      | Noticed a bullfrog
  2138 | D:4      | Killed a bullfrog
  2138 | D:4      | Noticed an ogre
  2139 | D:4      | Reached skill level 5 in Axes
  2139 | D:4      | Reached XP level 5. HP: 32/32 MP: 5/5
  2144 | D:4      | 2144 ||| STAIRDANCE
  2150 | D:3      | Killed an ogre
  2151 | D:3      | Reached XP level 6. HP: 27/39 MP: 6/6
  2277 | D:4      | 2277 ||| DROPPING +0 mace.
  2280 | D:4      | Found a sacrificial altar of Ru.
  2281 | D:4      | 2281 ||| Stepping ~*~*~tactically~*~*~ (hiding).
  2308 | D:4      | 2308 ||| Stepping ~*~*~tactically~*~*~ (stealth).
  2354 | D:4      | Found a transporter.
  2371 | D:4      | Found a transporter.
  2464 | D:4      | Noticed qw's ghost (amateur GrFi)
  2490 | D:4      | 2490 ||| DROPPING +0 flail.
  2790 | D:4      | 2790 ||| READING scroll labelled ZOLUM RUCHY.
  2791 | D:4      | 2791 ||| DRINKING 3 fizzy coppery potions.
  2798 | D:5      | Entered Level 5 of the Dungeon
  2809 | D:5      | Reached skill level 6 in Axes
  2815 | D:5      | 2815 ||| READING scroll of enchant armour.
  2815 | D:5      | 2815 ||| ENCHANTING +0 cloak.
  3018 | D:5      | Reached XP level 7. HP: 41/44 MP: 7/7
  3024 | D:5      | Reached skill level 1 in Dodging
  3067 | D:5      | HP: 5/44 [ogre/+0 giant spiked club (15)]
  3068 | D:5      | 3068 ||| READING scroll of teleportation.
  3303 | D:5      | Reached skill level 7 in Axes
  3730 | D:5      | 3730 ||| READING scroll labelled MAICSU WOC QOXZA.
  3731 | D:5      | 3731 ||| READING 5 scrolls of identify.
  3731 | D:5      | 3731 ||| IDENTIFYING purple potion
  3732 | D:5      | 3732 ||| READING 4 scrolls of identify.
  3732 | D:5      | 3732 ||| IDENTIFYING lumpy red potion
  3733 | D:5      | 3733 ||| DROPPING potion of invisibility.
  3734 | D:5      | 3734 ||| DROPPING potion of ambrosia.
  3754 | D:6      | Reached skill level 1 in Throwing
  3754 | D:6      | Reached XP level 8. HP: 47/49 MP: 8/8
  3821 | D:6      | Found a blossoming altar of Fedhas.
  3839 | D:6      | 3839 ||| Stepping ~*~*~tactically~*~*~ (hiding).
  3893 | D:6      | 3893 ||| Stepping ~*~*~tactically~*~*~ (hiding).
  3997 | D:6      | 3997 ||| Stepping ~*~*~tactically~*~*~ (hiding).
  4135 | D:6      | Found a broken altar of Ashenzari.
  4146 | D:6      | Found a transporter.
  4159 | D:6      | Noticed qw's ghost (novice GrFi)
  4187 | D:6      | Found a shadowy altar of Dithmenos.
  4216 | D:6      | Found a transporter.
  4286 | D:6      | Reached skill level 8 in Axes
  4314 | D:6      | 4314 ||| DRINKING 2 potions of curing.
  4314 | D:6      | 4314 ||| (to cure confusion)
  4392 | D:6      | 4392 ||| Stepping ~*~*~tactically~*~*~ (stealth).
  4406 | D:6      | Found a staircase to the Ecumenical Temple.
  4407 | D:6      | 4407 ||| PLANNING TEMPLE
  4414 | Temple   | Entered the Ecumenical Temple
  4422 | Temple   | 4422 ||| PLANNING OKAWARU WORSHIP
  4594 | Temple   | Became a worshipper of Warmaster Okawaru
  4595 | Temple   | 4595 ||| PLANNING D:1-11
  4682 | D:6      | Noticed Grinder
  4683 | D:6      | 4683 ||| Stepping ~*~*~tactically~*~*~ (hiding).
  4689 | D:6      | Killed Grinder
  4690 | D:6      | Reached skill level 6 in Fighting
  4747 | D:6      | Found a white marble altar of Elyvilon.
  5077 | D:6      | Reached XP level 9. HP: 56/56 MP: 9/9
  5180 | D:6      | 5180 ||| DROPPING ring of flight.
  5280 | D:7      | 5280 ||| Stepping ~*~*~tactically~*~*~ (stealth).
  5282 | D:7      | 5282 ||| Stepping ~*~*~tactically~*~*~ (hiding).
  5288 | D:7      | 5288 ||| Stepping ~*~*~tactically~*~*~ (stealth).
  5300 | D:7      | Reached * piety under Okawaru
  5376 | D:7      | Reached skill level 1 in Invocations
  5393 | D:7      | 5393 ||| Stepping ~*~*~tactically~*~*~ (hiding).
  5394 | D:7      | 5394 ||| Stepping ~*~*~tactically~*~*~ (hiding).
  5395 | D:7      | 5395 ||| INVOKING Heroism.
  5402 | D:7      | Reached skill level 9 in Axes
  5457 | D:7      | 5457 ||| Stepping ~*~*~tactically~*~*~ (hiding).
  5625 | D:7      | 5625 ||| Stepping ~*~*~tactically~*~*~ (stealth).
  5627 | D:7      | 5627 ||| Stepping ~*~*~tactically~*~*~ (stealth).
  5637 | D:7      | 5637 ||| Stepping ~*~*~tactically~*~*~ (stealth).
  5794 | D:7      | 5794 ||| Stepping ~*~*~tactically~*~*~ (hiding).
  5795 | D:7      | 5795 ||| Stepping ~*~*~tactically~*~*~ (hiding).
  5819 | D:7      | Found a hazy altar of Hepliaklqana.
  5825 | D:7      | 5825 ||| UPGRADING to +0 plate armour.
  5835 | D:7      | 5835 ||| DROPPING +0 chain mail.
  5836 | D:7      | 5836 ||| READING scroll labelled HOANKO DIRE.
  5837 | D:7      | 5837 ||| READING 2 scrolls labelled PAPAGH RIOH.
  5838 | D:7      | 5838 ||| READING 2 scrolls labelled INTAXT HEUVO.
  5839 | D:7      | 5839 ||| READING 4 scrolls of identify.
  5839 | D:7      | 5839 ||| IDENTIFYING cyan potion
  5840 | D:7      | 5840 ||| DROPPING scroll of blinking.
  5841 | D:7      | 5841 ||| DROPPING scroll of noise.
  5896 | D:8      | 5896 ||| READING scroll of enchant armour.
  5896 | D:8      | 5896 ||| ENCHANTING +1 cloak.
  5928 | D:8      | Reached skill level 3 in Invocations
  5939 | D:8      | 5939 ||| INVOKING Heroism.
  5967 | D:8      | 5967 ||| Stepping ~*~*~tactically~*~*~ (stealth).
  5970 | D:8      | 5970 ||| Stepping ~*~*~tactically~*~*~ (stealth).
  5984 | D:8      | 5984 ||| INVOKING Heroism.
  6073 | D:8      | Found a snail-covered altar of Cheibriados.
  6114 | D:8      | Noticed a hornet
  6115 | D:8      | 6115 ||| Stepping ~*~*~tactically~*~*~ (hiding).
  6118 | D:8      | 6118 ||| INVOKING Heroism.
  6140 | D:8      | Killed a hornet
  6202 | D:8      | Noticed a deep elf pyromancer
  6203 | D:8      | Noticed a cyan ugly thing
  6210 | D:8      | HP: 2/56 [deep elf pyromancer/bolt of fire (37)]
  6211 | D:8      | 6211 ||| READING 2 scrolls of teleportation.
  6211 | D:8      | Slain by a fire elemental

Levels and vault maps discovered:
D:1:      amcnicky_arrival_feature_with_door, layout_basic, serial_shops, shop
D:2:      layout_basic
D:3:      layout_basic, nicolae_uskayaw_suspiria, mainiacjoe_overflow_alcove_1,
          kennysheep_generic_room_8
D:4:      layout_basic, nicolae_ru_great_annihilating_truth,
          gammafunk_ghost_arena
D:5:      layout_basic
D:6:      layout_basic, nicolae_elyvilon_peaceful_grove,
          grunt_dithmenos_smoke_and_mirrors, ashenzari_conservatory_becter,
          fedhas_bush_and_centaur_altar, minmay_temple_entry_overgrown,
          serial_aquarium, aquarium_bridge_square [aquarium_subvault_window,
          aquarium_subvault_wall, aquarium_subvault_wall,
          aquarium_subvault_bridge], aquarium_bridge_island_large
          [aquarium_subvault_large_open, aquarium_subvault_window,
          aquarium_subvault_wall, aquarium_subvault_balcony,
          aquarium_subvault_bridge], aquarium_window_1, aquarium_window_fake,
          aquarium_view_2b, gammafunk_ghost_stat_death, uniq_grinder
D:7:      layout_rooms, mainiacjoe_overflow_alcove_2
D:8:      minmay_the_grid_plus [minmay_the_grid_x, minmay_the_grid_plusring,
          minmay_the_grid_broken_lines, minmay_the_grid_square_x,
          minmay_the_grid_prize_four_corners], layout_gridville,
          kennysheep_orc_sif_temple, mainiacjoe_overflow_small_starburst,
          serial_glass, glass_columns_a, glass_columns_a
Temple:   chequers_temple_sunken

Skill      XL: |  1  2  3  4  5  6  7  8  9 |
---------------+----------------------------+-----
Axes           | 2 3 5 6 7 8 9 |  9.0
Fighting       | 4 5 6 |  6.6
Dodging        | 1 |  1.3
Throwing       | 1 |  1.5
Armour         | 4 5 |  5.2
Invocations    | 4 |  4.2
Shields        | 4 |  4.9

Action                     |  1- 3 |  4- 6 |  7- 9 || total
---------------------------+-------+-------+-------++-------
  Melee: War axe           |    91 |   119 |   278 ||   488
  Throw: Boomerang         |    15 |    82 |    60 ||   157
 Invoke: Heroism           |       |       |     4 ||     4
    Use: Scroll            |     2 |    11 |    10 ||    23
         Potion            |       |     3 |     1 ||     4
 Armour: Scale mail        |    36 |       |       ||    36
         Chain mail        |    29 |    71 |   139 ||   239
         Plate armour      |       |       |    61 ||    61
  Dodge: Dodged            |    33 |    33 |   124 ||   190
  Block: Buckler           |    18 |    12 |    59 ||    89

Table legend:
 A = Non-vault XP
 B = Vault XP
 C = Vault XP percentage of total XP
 D = Non-vault monster count
 E = Vault monster count
 F = Vault count percentage of total count
                 A         B        C        D         E       F
            +---------+---------+-------+---------+---------+-------
      Total |    3017 |     973 |  24.4 |     136 |      11 |   7.5
            +---------+---------+-------+---------+---------+-------
        D:1 |      40 |       0 |   0.0 |      22 |       0 |   0.0
        D:2 |      75 |       0 |   0.0 |      22 |       0 |   0.0
        D:3 |     148 |       3 |   2.0 |      12 |       2 |  14.3
        D:4 |     250 |      39 |  13.5 |      14 |       4 |  22.2
        D:5 |     572 |       0 |   0.0 |      15 |       0 |   0.0
        D:6 |     845 |     403 |  32.3 |      18 |       2 |  10.0
        D:7 |     679 |       0 |   0.0 |      22 |       0 |   0.0
        D:8 |     408 |     528 |  56.4 |      11 |       3 |  21.4
            +---------+---------+-------+---------+---------+-------
